Map: Orbital Shipyard

Players

Halation - Winner!

  • Race: Zerg Zerg
  • League: Platinum

LilDicky

  • Race: Terran Terran
  • League: Diamond

VOD

http://www.twitch.tv/tumescentpie

Description

Time

  • Played on: Nov. 26, 2015, 11:45 p.m.
  • Length: 8:36
Show
View Real Time Build Order
Export as new Build Order

Halation Zerg - Winner!

Build Orders: Hatch First, Muta Ling Bane 

Get SALT Encoding   

  12  0:01  Drone  
  13  0:13  Overlord  
  13  0:22  Drone  
  14  0:31  Drone x2  
  16  0:35  Drone  
  17  0:52  Hatchery  
  17  0:56  Drone  
  17  0:59  Drone  
  18  1:14  Spawning Pool  
  18  1:15  Drone  
  18  1:21  Drone, Extractor  
  18  1:32  Drone  
  19  1:54  Overlord  
  19  2:01  Queen  
  19  2:04  Queen  
  19  2:05  Zergling x4  
  25  2:15  Drone  
  25  2:16  Drone x2  
  28  2:28  Drone x2  
  30  2:33  Overlord  
  30  2:41  Queen  
  30  2:43  Queen  
  34  2:46  Extractor  
  33  2:55  Drone  
  33  2:56  Drone x3  
  37  3:05  Overlord  
  37  3:32  Lair  
  37  3:33  Drone  
  38  3:34  Drone x6  
  38  3:38  Baneling Nest  
  38  3:40  Overlord  
  43  3:44  Metabolic Boost  
  43  3:46  Drone  
  44  3:50  Extractor  
  44  3:51  Extractor  
  44  3:52  Overlord  
  44  3:53  Drone x2  
  44  4:22  Zergling x2  
  44  4:23  Zergling x22  
  55  4:46  Spire  
  54  4:54  Drone  
  54  4:55  Drone x5  
  60  5:12  Overlord x5  
  59  5:28  Hatchery  
  59  5:33  Baneling x7  
  59  5:34  Baneling x7  
  58  5:44  Overlord x2  
  53  6:23  Mutalisk x10  
  70  6:36  Zergling x2  
  70  6:37  Zergling x12  
  71  6:56  Baneling x2  
  71  6:57  Baneling x2  
  71  6:58  Centrifical Hooks  
  71  7:12  Hatchery  
  71  7:14  Drone x5  
  75  8:01  Baneling x10  
  75  8:02  Zergling x6  
  75  8:03  Zergling x16  
Show
View Real Time Build Order
Export as new Build Order

LilDicky Terran 

Build Orders: MMM Bio 

Get SALT Encoding   

  12  0:01  SCV  
  13  0:13  SCV  
  14  0:17  Supply Depot  
  14  0:25  SCV  
  15  0:35  Refinery  
  15  0:39  SCV  
  16  0:44  Barracks  
  16  0:51  SCV  
  17  1:03  SCV  
  18  1:15  SCV  
  20  1:34  Orbital Command  
  20  1:36  Barracks Reactor  
  19  1:47  Command Center  
  19  1:53  Supply Depot  
  19  2:00  SCV  
  20  2:10  Barracks  
  20  2:13  Marine x2  
  20  2:14  SCV  
  23  2:26  SCV  
  24  2:31  Barracks, Marine x2  
  26  2:39  SCV  
  26  2:41  Refinery  
  27  2:54  SCV, Marine x2  
  30  3:00  Barracks Tech Lab  
  30  3:09  SCV  
  30  3:10  Factory, Orbital Command  
  31  3:22  Barracks Tech Lab, Stimpack, Marine  
  31  3:24  Marine  
  33  3:28  SCV  
  33  3:33  Marine  
  35  3:37  SCV  
  35  3:40  SCV  
  37  3:42  Combat Shields  
  37  3:44  Marine x2  
  39  3:50  SCV  
  42  3:57  Starport  
  42  3:58  Factory Reactor  
  42  4:00  Marine  
  42  4:01  Marauder  
  42  4:02  SCV  
  44  4:03  SCV  
  45  4:12  Supply Depot  
  45  4:13  Marine  
  45  4:14  Marine  
  47  4:22  Marine  
  47  4:23  Marauder  
  50  4:25  SCV  
  50  4:26  SCV  
  50  4:30  Supply Depot  
  52  4:36  Supply Depot  
  52  4:38  SCV  
  53  4:41  Marauder  
  53  4:44  Medivac x2  
  59  4:46  Marine x2  
  59  4:52  SCV  
  62  4:56  SCV  
  62  4:57  Marine  
  64  5:01  Concussive Shells, Marine  
  64  5:04  Marine  
  64  5:05  Marine  
  64  5:06  Supply Depot  
  67  5:07  SCV  
  67  5:09  Factory Tech Lab  
  68  5:15  Marine  
  68  5:16  SCV  
  68  5:19  Marine  
  71  5:22  Marine x2  
  73  5:33  Marine  
  73  5:34  Medivac x2  
  78  5:36  SCV  
  78  5:37  Supply Depot, SCV, Marine  
  78  5:40  Marine x2  
  83  5:48  SCV  
  83  5:49  SCV  
  85  5:51  Marine  
  86  6:00  SCV  
  79  6:16  Marine x4  
  75  6:33  Marine  
  75  6:34  Marine x3  
  66  6:48  SCV  
  66  6:51  Marine  
  66  6:52  Marauder x2, Marine  
  66  6:53  Siege Tank, Medivac x2  
  80  6:55  Barracks x2  
  80  7:02  Command Center  
  80  7:04  Supply Depot  
  80  7:05  SCV x2  
  80  7:06  Engineering Bay  
  80  7:07  Engineering Bay  
  82  7:09  Marine  
  82  7:10  Marine  
  86  7:16  Marauder  
  86  7:17  SCV, Marauder  
  86  7:20  SCV  
  90  7:27  Marine x2  
  80  7:37  Marauder  
  80  7:38  Marauder  
  75  7:45  Marine x2  
  75  7:50  SCV x2  
  70  7:59  Missile Turret  
  70  8:02  SCV  
  70  8:04  Missile Turret  
  66  8:06  Marine  
  66  8:07  Missile Turret, Marine x3  
  66  8:08  Missile Turret  
  66  8:09  Missile Turret  
  66  8:12  Marine x2  
Tags
 
Add a new tag
Caveats
  • Supply blocks, unpowered buildings, or Contaminate may cause inaccurate times.
  • Supply counts are checked every 10 seconds.